 Dungeon Crawl Stone Soup version 0.29-a0-923-g6e406bff71 (webtiles) character file.

Game seed: 12189502855244720991

458 jlumianski the Chiller (level 6, -1/43 HPs)
             Began as a Demonspawn Ice Elementalist on July 27, 2022.
             Was an Initiate of Qazlal.
             Slain by an orc warrior
             ... wielding a +0 long sword
             ... led by the fury of Okawaru
              (24 damage)
             ... on level 5 of the Dungeon.
             The game lasted 00:18:52 (4355 turns).

jlumianski the Chiller (DsIE)                       Turns: 4355, Time: 00:18:52

Health: -1/43      AC:  7    Str:  8    XL:     6   Next: 77%
Magic:  7/10       EV: 12    Int: 24    God:    Qazlal [......]
Gold:   184        SH:  0    Dex: 14    Spells: 4/11 levels left

rFire   . . .      SeeInvis .   h - +7 mace "Ryarog" {drain, rN+}
rCold   . . .      Faith    .   (no shield)
rNeg    + . .      Spirit   .   a - +0 robe
rPois   .          Reflect  .   (no helmet)
rElec   .          Harm     .   (no cloak)
rCorr   .          Rampage  .   z - +2 pair of gloves
Will    .....                   e - +1 pair of boots
Stlth   ++........              (no amulet)
HPRegen 0.14/turn               g - ring of flight
MPRegen 0.12/turn               x - +6 ring of intelligence

@: flying
A: hooves 1, ignite blood 1
a: Renounce Religion


You were on level 5 of the Dungeon.
You worshipped Qazlal.
Qazlal was noncommittal.
You visited 2 branches of the dungeon, and saw 7 of its levels.

You collected 184 gold pieces.

Inventory:

Hand Weapons
 c - a +0 dagger
 h - the +7 mace "Ryarog" (weapon) {drain, rN+}
   (You found it on level 2 of the Dungeon)

   A truly terrible weapon, it drains the life of any living foe it strikes.
   rN:        It protects you from negative energy.
 i - a +1 rapier
Missiles
 d - 45 stones
 j - a throwing net
 t - 11 poisoned darts
Armour
 a - a +0 robe (worn)
 e - a +1 pair of boots (worn)
 p - a +0 pair of gloves
 z - a +2 pair of gloves (worn)
Jewellery
 g - a ring of flight (left hand)
 x - a +6 ring of intelligence (right hand)
Wands
 w - a wand of polymorph (8)
 y - a wand of mindburst (9)
 A - a wand of paralysis (6)
Scrolls
 n - a scroll of noise
 q - a scroll of teleportation
 B - 2 scrolls of amnesia
Potions
 b - 3 potions of magic
 f - 2 potions of attraction
 k - 2 potions of flight
 l - a potion of invisibility
 m - a potion of brilliance
 o - a potion of degeneration
 r - a potion of heal wounds
 s - 2 potions of lignification
 u - 2 potions of cancellation
 v - 3 potions of curing


   Skills:
 + Level 1.0 Fighting
 * Level 3.8 Maces & Flails
 + Level 2.3 Dodging
 - Level 2.5 Stealth
 + Level 3.0 Spellcasting
 + Level 4.6 Ice Magic
 * Level 2.6 Invocations


You had 4 spell levels left.
You knew the following spells:

 Your Spells              Type           Power      Damage    Failure   Level
a - Freeze                Ice            100%       1d11      1%          1
b - Frozen Ramparts       Ice            50%        1d7       4%          3
c - Ozocubu's Armour      Ice            25%        N/A       4%          3

Your spell library contained the following spells:

 Spells                   Type           Power      Damage    Failure   Level
 Hailstorm                Conj/Ice       14%        3d5       38%         4


Dungeon Overview and Level Annotations

Branches:
Dungeon (6/15)             Temple (1/1) D:5

Altars:
Ashenzari
Cheibriados
Dithmenos
Fedhas
Hepliaklqana
Kikubaaqudgha
Makhleb
Nemelex Xobeh
Okawaru
Qazlal
Ru
Sif Muna
Uskayaw
Wu Jian
Xom

Shops:
D:2 =


Innate Abilities, Weirdness & Mutations

You have large cloven feet.
Your demonic aura sometimes causes spilled blood to erupt in flames.


Message History

The wall freezes the bullfrog.
You kill the bullfrog!
Qazlal accepts your kill.
Your Fighting skill increases to level 1!
Your frozen ramparts will break if you move.
Continue?
Okay, then.
Casting: Frozen Ramparts (dangerous; 4% risk of failure)
Confirm with . or Enter, or press ? or * to list all spells.
A film of ice covers your body!
The hound barks!
The wall freezes the hound.
The frozen ramparts melt away.
The hound bites you but does no damage.
You hit the hound.
The hound is heavily wounded.
The hound barely misses you. The hound bites you but does no damage.
You sock the hound!
You kill the hound!
Qazlal accepts your kill.
Your Spellcasting skill increases to level 3!
Your icy armour cracks and falls away as you move.
Things that are here:
a hound corpse; a bullfrog corpse
Found a scroll of identify.
b - 3 potions of magic (gained 1) Okawaru sends forces against you!
A warg, 4 orcs and an ogre come into view.
An orc is wielding a +0 hand axe and quivering boomerangs of dispersal.
Found a hazy altar of Hepliaklqana.
The orc shouts!
The orc warrior shouts! x2
The ogre closely misses you.
The orc warrior hits you but does no damage.
The orc knight roars a battlecry!
The orcs go into a battle-frenzy!
The warg bites you! The warg bites you! The warg attacks as you move away!
The warg bites you.
The orc warrior attacks as you move away!
The orc warrior hits you with a +0 long sword!!
Ouch! That really hurt!
You die...

#.# #.######.
#.......#
##.######.
#......#
#..###.# #.†#
#..# ##@.#
#.ho##
##O...#####
##...o.....#
###....oo.##.#
.?.?..........#
.###..........#
#..≈.8§≈......
#..≈.§§§...###


You could see an orc knight, a warg, 2 orc warriors, an ogre and an orc
(strong).

Vanquished Creatures
  A bullfrog (D:5)
  A scorpion (D:4)
  A howler monkey (D:5)
  An orc priest (D:4)
  2 hounds
  3 iron imps (D:4)
  A gnoll (D:3)
  3 adders
  A dart slug (D:3)
  9 orcs
  8 endoplasms
  9 goblins
  8 hobgoblins
  3 jackals (D:3)
  2 quokkas (D:3)
  5 ball pythons
  5 bats
  4 frilled lizards
  2 kobolds
  7 rats
76 creatures vanquished.

Notes
Turn   | Place    | Note
-------+----------+-------------------------------------------
     0 | D:1      | jlumianski the Demonspawn Ice Elementalist began the quest
                  | for the Orb.
     0 | D:1      | Reached XP level 1. HP: 13/13 MP: 3/3
   206 | D:2      | Found Qoukusm's Jewellery Shop.
   237 | D:2      | Identified the +7 mace "Ryarog" {drain, rN+}
   473 | D:1      | Reached skill level 4 in Ice Magic
   473 | D:1      | Gained mutation: Your demonic aura sometimes causes spilled
                  | blood to erupt in flames. [demonic ancestry]
   473 | D:1      | Reached XP level 2. HP: 19/19 MP: 5/5
  1134 | D:2      | Found a faded altar of an unknown god.
  1460 | D:2      | Reached skill level 1 in Maces & Flails
  1700 | D:3      | Gained mutation: You have large cloven feet. [demonic
                  | ancestry]
  1700 | D:3      | Reached XP level 3. HP: 18/24 MP: 6/6
  2054 | D:3      | Found an ornate altar of the Wu Jian Council.
  2133 | D:4      | Noticed a scorpion
  2215 | D:3      | Learned a level 3 spell: Frozen Ramparts
  2373 | D:3      | Found an iron altar of Okawaru.
  2381 | D:3      | Became a worshipper of Warmaster Okawaru
  2595 | D:3      | Reached XP level 4. HP: 30/30 MP: 7/7
  2646 | D:3      | Found a broken altar of Ashenzari.
  2771 | D:3      | Learned a level 3 spell: Ozocubu's Armour
  3123 | D:3      | Found a shimmering altar of Xom.
  3123 | D:3      | Found a blossoming altar of Fedhas.
  3126 | D:3      | Found a hide-covered altar of Uskayaw.
  3549 | D:4      | Killed a scorpion
  3550 | D:4      | Reached skill level 1 in Invocations
  3550 | D:4      | Reached XP level 5. HP: 36/36 MP: 1/8
  3553 | D:4      | Found a burning altar of Makhleb.
  3591 | D:4      | Reached * piety under Okawaru
  3592 | D:4      | Reached XP level 6. HP: 23/42 MP: 0/10
  3776 | D:5      | Entered Level 5 of the Dungeon
  3997 | D:5      | Found a staircase to the Ecumenical Temple.
  4008 | Temple   | Entered the Ecumenical Temple
  4105 | Temple   | Fell from the grace of Okawaru
  4105 | Temple   | Became a worshipper of Qazlal Stormbringer
  4332 | D:5      | Reached skill level 1 in Fighting
  4349 | D:5      | Noticed an orc knight
  4349 | D:5      | Noticed an orc warrior
  4349 | D:5      | Noticed a warg
  4349 | D:5      | Noticed an orc warrior
  4349 | D:5      | Found a hazy altar of Hepliaklqana.
  4355 | D:5      | Slain by an orc warrior

Illustrated notes

Levels and vault maps discovered:
D:1:      shiori_shiawase, layout_loops_ring
D:2:      layout_loops_cross, serial_shops, nicolae_shop_hallway_stairs,
          nicolae_ecumenical_lake_church, grunt_ministairs_12
D:3:      layout_loops_ring, minitemple, evilmike_ruin_ashenzari,
          nicolae_wu_jian_immortal_techniques, okawaru_altar_gauntlet_db,
          st_stairs_12, chequers_jeans
D:4:      layout_basic, demons_altar, grunt_ministairs_6
D:5:      layout_loops_ring, mainiacjoe_overflow_catwalk,
          minmay_temple_entry_antechambers
D:6:      layout_basic, ebering_ghost_sewer_f, uniq_pikel, uniq_duvessa,
          uniq_sigmund
Temple:   nicolae_temple_colour_theory

Skill      XL: |  1  2  3  4  5  6 |
---------------+-------------------+-----
Ice Magic      | 4 |  4.6
Maces & Flails | 1 2 3 |  3.8
Stealth        | 2 |  2.5
Dodging        | 2 |  2.3
Invocations    | 1 2 |  2.6
Fighting       | 1 |  1.0
Spellcasting   | 3 |  3.0

Action                   |  1- 3 |  4- 6 || total
-------------------------+-------+-------++-------
Melee: Mace              |    59 |    42 ||   101
       Kick              |     4 |     5 ||     9
       Punch             |       |     1 ||     1
 Cast: Freeze            |    17 |     3 ||    20
       Frozen Ramparts   |     2 |     7 ||     9
       Ozocubu's Armour  |       |     3 ||     3
  Use: Scroll            |     3 |     8 ||    11
       Potion            |       |     4 ||     4
 Stab: Sleeping          |     7 |     2 ||     9
Armor: Robe              |    28 |    15 ||    43
Dodge: Dodged            |    65 |    30 ||    95

Table legend: (Time is in decaauts)
 A = Elapsed time spent in this place.
 B = Non-inter-level travel time spent in this place.
 C = Inter-level travel time spent in this place.
 D = Time resting spent in this place.
 E = Time spent auto-exploring this place.
 F = Levels seen in this place.
 G = Mean time per level.
                   A        B        C        D        E       F      G
               +--------+--------+--------+--------+--------+-----+--------+
         Total |   4394 |   4319 |     75 |    102 |   2609 |   7 |  627.7 |
       Dungeon |   4287 |   4212 |     75 |    102 |   2609 |   6 |  714.5 |
        Temple |    106 |    106 |      0 |      0 |      0 |   1 |  106.0 |
               +--------+--------+--------+--------+--------+-----+--------+

Top non-repeatable levels by time:
     D:3: 1083 daAuts
     D:2: 1053 daAuts
     D:1: 1022 daAuts
     D:4: 926 daAuts
     D:5: 196 daAuts
  Temple: 106 daAuts
     D:6: 4 daAuts
